 Dungeon Crawl Stone Soup version 0.26-a0-1213-gd52f5182fe (webtiles) character file.

Game seed: 11290912955153163546

4862 epen the Slicer (level 10, 0/93 HPs)
             Began as a Purple Draconian Wanderer on Dec 30, 2020.
             Was the Champion of Jiyva.
             Slain by an unseen horror (6 damage)
             ... on level 9 of the Dungeon.
             The game lasted 00:15:54 (10182 turns).

epen the Slicer (Purple Draconian Wanderer)        Turns: 10182, Time: 00:15:54

Health: 0/93       AC:  8    Str:  9    XL:     10   Next: 26%
Magic:  6/10       EV: 18    Int:  8    God:    Jiyva [******]
Gold:   276        SH:  5    Dex: 24    Spells: 9/9 levels left

rFire    . . .     SeeInvis .   a - +2 dagger
rCold    . . .     Faith    .   (no shield)
rNeg     . . .     Spirit   .   (armour unavailable)
rPois    .         Reflect  +   (helmet restricted)
rElec    .         Harm     .   (no cloak)
rCorr    +         Rampage  .   r - +0 pair of gloves
Will     +....                  (no boots)
Stlth    +++.......             y - amulet of reflection
HPRegen  0.25/turn              u - ring of stealth
MPRegen  0.12/turn              (no ring)

@: lethally poisoned (0 -> -1), slimy, flying
A: breathe power, unfitting armour, big wings, claws 1, horns 1, acidic bite,
tendrils, cold-blooded, AC +7
a: Breathe Dispelling Energy, Stop Flying, Renounce Religion, Request Jelly,
Slimify, Cure Bad Mutation


You were on level 9 of the Dungeon.
You worshipped Jiyva.
Jiyva was exalted by your worship.
You visited 1 branch of the dungeon, and saw 9 of its levels.

You collected 276 gold pieces.

Inventory:

Hand Weapons
 a - a +2 dagger (weapon)
 c - a +0 hand axe
 d - a +0 mace
 f - the +3 mace of the Ancients {pain, Will+}
   (You found it on level 6 of the Dungeon)

   In the hands of one skilled in necromantic magic, it inflicts extra damage on
   living creatures.
   It affects your willpower, your defense against some magical effects.
Missiles
 j - 3 curare-tipped darts
 p - a throwing net (quivered)
 t - 9 poisoned darts
Armour
 r - a +0 pair of gloves (worn)
Jewellery
 u - a ring of stealth (left hand)
 y - an amulet of reflection (around neck)
Wands
 o - a wand of acid (8)
 x - a wand of digging (5)
 z - a wand of flame (10)
Scrolls
 i - 2 scrolls of random uselessness
 k - a scroll of remove curse
 q - 2 scrolls of teleportation
 s - a scroll of magic mapping
 v - a scroll of torment {unknown}
Potions
 b - a potion of heal wounds
 e - 5 potions of curing
 g - a potion of ambrosia {unknown}
 h - 2 potions of berserk rage
 l - a potion of might
 m - a potion of haste
 n - a potion of resistance {unknown}
 w - a potion of attraction {unknown}


   Skills:
 + Level 9.9 Fighting
 * Level 10.6 Short Blades
 - Level 2.0 Maces & Flails
 - Level 1.0 Bows
 + Level 6.8 Dodging
 - Level 1.7 Stealth


You had 9 spell levels left.
You didn't know any spells.
Your spell library was empty.

Dungeon Overview and Level Annotations

Branches:
Dungeon (9/15)             Temple (0/1) D:5
   Lair: D:8-11         Orc: D:9-12

Altars:
Cheibriados
Fedhas
Gozag
Hepliaklqana
Trog
Wu Jian
Xom
Yredelemnul
The Shining One
Jiyva

Shops:
D:4 =


Innate Abilities, Weirdness & Mutations

You can breathe bolts of dispelling energy.
Your rich purple scales are hard. (AC +7)
You cannot fit into any form of body armour.
You are cold-blooded and may be slowed by cold attacks.
Your large and strong wings let you fly indefinitely.
You have sharp fingernails.
You have a pair of small horns on your head.
You have acidic saliva.
You are covered in slimy tendrils that may disarm your opponents.


Message History

Your bite misses something. Something barely misses you.
You swing at nothing.
You feel sick.
You hit something but do no damage. Something hits you but does no damage.
You swing at nothing.
You barely miss something. You tail-slap something.
You feel sick. Something hits you.
* * * LOW HITPOINT WARNING * * *
Something hits you.
* * * LOW HITPOINT WARNING * * *
A thick mucus forms on your +2 dagger.
Something hits you but does no damage. Something hits you.
* * * LOW HITPOINT WARNING * * *
You miss something. You headbutt something. You tail-slap something.
Your bite misses something.
You feel sick. Something hits you.
* * * LOW HITPOINT WARNING * * *
You closely miss something. You headbutt something. You bite something.
Something closely misses you.
You start resting.
You feel sick. Something hits you.
You die...

.....# #'#....'....+.#
.....#...#....######.#
######...#...........####
# ....#.#######...... #
...#.#.....#....######## #
#.#.....#....#......#
#.#.J)..#....+......#
#.#'#####....#.......
#......@†...........#
#......#####†#......####
#......#................
#......####.............
#.........#.............
#.........#.....#######.
...........#.....#.....#.
#...........#.....#.....'.
#.......J...#...y.#...<.#.


There were no monsters in sight!

Vanquished Creatures
  Pikel (D:6)
  Joseph (D:7)
  A troll (D:9)
  Grinder (D:5)
  Prince Ribbit (D:8)
  A wyvern (D:9)
  Eustachio (D:5)
  3 yaks (D:7)
  Menkaure (D:6)
  A water moccasin (D:8)
  3 orc warriors
  3 ice beasts
  A sky beast (D:3)
  2 ogres
  2 phantoms
  2 big kobolds
  A wyvern skeleton (D:6)
  2 scorpions
  9 killer bees
  9 wights
  2 bullfrog skeletons (D:6)
  2 hounds
  2 orc wizards
  2 orc priests
  An iguana (D:7)
  Ijyb (D:5)
  3 worker ants
  A hound skeleton (D:6)
  4 gnolls (D:3)
  4 adders
  A shadow imp (D:9)
  2 white imps
  An ooze (D:2)
  2 worms (D:2)
  A dart slug (D:4)
  5 leopard geckos
  8 orcs
  6 giant cockroaches
  9 goblins
  6 hobgoblins
  4 jackals (D:1)
  2 quokkas
  3 ball pythons
  8 bats
  5 frilled lizards
  17 kobolds
  8 rats
156 creatures vanquished.

Vanquished Creatures (collateral kills)
  A two-headed ogre (D:8)
  A white imp (D:8)
2 creatures vanquished.

Vanquished Creatures (others)
  Sigmund (D:6)
  A phantom (D:4)
  3 ogres
  A bullfrog (D:6)
  A water moccasin zombie (D:7)
  2 scorpions
  A wyvern skeleton (D:8)
  2 killer bees
  A howler monkey (D:6)
  A bullfrog zombie (D:8)
  33 jellies
  4 orc wizards
  4 orc priests
  2 iguanas (D:7)
  3 worker ants
  3 gnolls (D:6)
  An adder (D:7)
  An adder skeleton (D:4)
  29 orcs
  2 giant cockroaches (D:7)
  3 jackals (D:7)
  A kobold (D:6)
  A frilled lizard (D:5)
  2 rats (D:6)
  23 plants
126 creatures vanquished.

Grand Total: 284 creatures vanquished

Notes
Turn   | Place    | Note
-------+----------+-------------------------------------------
     0 | D:1      | epen the Draconian Wanderer began the quest for the Orb.
     0 | D:1      | epen set off with the following items: a +2 dagger, a
                  | potion of heal wounds, a +0 hand axe, a +0 mace
     0 | D:1      | Reached XP level 1. HP: 23/23 MP: 1/1
   118 | D:1      | Reached skill level 1 in Short Blades
   170 | D:1      | Reached XP level 2. HP: 25/29 MP: 2/2
   829 | D:1      | Reached XP level 3. HP: 32/37 MP: 3/3
  1087 | D:2      | Reached skill level 1 in Dodging
  1263 | D:2      | Reached skill level 2 in Short Blades
  1760 | D:2      | Reached XP level 4. HP: 44/44 MP: 4/4
  1791 | D:2      | Found a bloodstained altar of Trog.
  2259 | D:3      | Reached skill level 3 in Short Blades
  2354 | D:3      | Noticed a sky beast
  2398 | D:3      | Killed a sky beast
  2399 | D:3      | Reached XP level 5. HP: 8/50 MP: 5/5
  2752 | D:3      | Noticed an ogre
  2772 | D:3      | Killed an ogre
  2773 | D:3      | Reached skill level 4 in Short Blades
  2773 | D:3      | Reached XP level 6. HP: 58/58 MP: 6/6
  3208 | D:3      | Found a faded altar of an unknown god.
  3234 | D:3      | Became a worshipper of Jiyva Juexuib the Shapeless
  3234 | D:3      | Reached * piety under Jiyva
  3503 | D:4      | Reached ** piety under Jiyva
  3578 | D:4      | Found a snail-covered altar of Cheibriados.
  3603 | D:4      | Got a twitching bronze ring
  3681 | D:4      | Found Badd's Jewellery Boutique.
  3762 | D:4      | Found a basalt altar of Yredelemnul.
  3807 | D:5      | Entered Level 5 of the Dungeon
  3849 | D:5      | Noticed Ijyb
  3860 | D:5      | Killed Ijyb
  3936 | D:5      | Identified the ring of Haihiekk {rC+ Int+7 Slay-3 SInv}
                  | (You found it on level 4 of the Dungeon)
  4005 | D:5      | Noticed Eustachio
  4017 | D:5      | Killed Eustachio
  4018 | D:5      | Reached skill level 5 in Short Blades
  4018 | D:5      | Your scales start taking on a rich purple colour.
  4018 | D:5      | Reached XP level 7. HP: 64/64 MP: 7/7
  4143 | D:5      | Noticed Grinder
  4155 | D:5      | Killed Grinder
  4244 | D:5      | Found a staircase to the Ecumenical Temple.
  4295 | D:5      | Reached *** piety under Jiyva
  4326 | D:5      | Gained mutation: You have sharp toenails. [Jiyva's grace]
  4401 | D:5      | Reached skill level 6 in Short Blades
  4853 | D:6      | Noticed Pikel
  4912 | D:6      | Reached **** piety under Jiyva
  4990 | D:6      | Gained mutation: You are covered in slimy tendrils that may
                  | disarm your opponents. [Jiyva's grace]
  5327 | D:5      | Reached XP level 8. HP: 69/73 MP: 8/8
  5555 | D:6      | Killed Pikel
  5556 | D:6      | Reached skill level 7 in Short Blades
  5575 | D:6      | Killed Sigmund
  5625 | D:6      | Reached ***** piety under Jiyva
  5701 | D:6      | Reached skill level 8 in Short Blades
  5741 | D:6      | Gained mutation: Your mind is acute. (Int +2) [Jiyva's
                  | grace]
  5770 | D:6      | Reached skill level 5 in Dodging
  5812 | D:6      | Found an ornate altar of the Wu Jian Council.
  5859 | D:6      | Noticed Menkaure
  5872 | D:6      | Killed Menkaure
  5944 | D:6      | Noticed Maggie
  5948 | D:6      | Slimified Maggie
  5948 | D:6      | Noticed Maggie
  5948 | D:6      | Maggie changed into Maggie the slime creature
  5957 | D:6      | Reached XP level 9. HP: 82/82 MP: 6/9
  6118 | D:6      | Found a runed translucent door.
  6119 | D:6      | Noticed Crazy Yiuf
  6125 | D:6      | Slimified Crazy Yiuf
  6125 | D:6      | Noticed Crazy Yiuf
  6125 | D:6      | Crazy Yiuf changed into Crazy Yiuf the ooze
  6129 | D:6      | Got a faintly glowing mace
  6130 | D:6      | Identified the cursed +3 mace of the Ancients {pain, Will+}
                  | (You found it on level 6 of the Dungeon)
  6131 | D:6      | epen: ?Will
  6131 | D:6      | epen: ??Will
  6131 | D:6      | meem: willpower[1/5]: Willpower (as of 0.26) provides the
                  | ability to resist certain hostile enchantments that attempt
                  | to overpower the caster's strength of will. Player Will
                  | comes from XL, Trog's hand, and items. The most important
                  | hostile enchantments that attack willpower are confuse,
                  | slow, paralysis, and banishment
  6131 | D:6      | beem: willpower[1/5]: Willpower (as of 0.26) provides the
                  | ability to resist certain hostile enchantments that attempt
                  | to overpower the caster's strength of will. Player Will
                  | comes from XL, Trog's hand, and items. The most important
                  | hostile enchantments that attack willpower are confuse,
                  | slow, paralysis, and banishment
  6131 | D:6      | epen: ??Will [2
  6131 | D:6      | meem: willpower[2/5]: Chances of anything resisting a spell
                  | that attacks willpower are calculated as follows:
                  | (willpower + 100 - the spell's power) is compared to (
                  | random2(100) + random2(101) ), and if the random numbers
                  | are less the spell is successfully resisted.
  6131 | D:6      | beem: willpower[2/5]: Chances of anything resisting a spell
                  | that attacks willpower are calculated as follows:
                  | (willpower + 100 - the spell's power) is compared to (
                  | random2(100) + random2(101) ), and if the random numbers
                  | are less the spell is successfully resisted.
  6138 | D:6      | Gained mutation: You have a pair of small horns on your
                  | head. [Jiyva's grace]
  6215 | D:6      | Found a hazy altar of Hepliaklqana.
  6591 | D:7      | Gained mutation: You can translocate small distances at
                  | will. [Jiyva's grace]
  6641 | D:7      | Reached ****** piety under Jiyva
  6641 | D:7      | Lost mutation: You can translocate small distances at will.
                  | [Jiyva's grace]
  6811 | D:7      | Gained mutation: Your large and strong wings let you fly
                  | indefinitely. [Jiyva's grace]
  7047 | D:7      | Reached skill level 9 in Short Blades
  7290 | D:7      | Noticed Joseph
  7313 | D:7      | Killed Joseph
  7370 | D:7      | Gained mutation: You have sharp fingernails. [Jiyva's
                  | grace]
  7995 | D:8      | Lost mutation: You have sharp toenails. [Jiyva's grace]
  8005 | D:8      | Reached skill level 10 in Short Blades
  8170 | D:8      | Noticed a two-headed ogre
  8175 | D:8      | Killed a two-headed ogre
  8176 | D:8      | Reached XP level 10. HP: 70/92 MP: 10/10
  8238 | D:8      | Found a shimmering altar of Xom.
  8305 | D:8      | Paralysed by a hornet for 3 turns
  8759 | D:8      | Noticed Prince Ribbit
  8762 | D:8      | Killed Prince Ribbit
  8771 | D:8      | Found a glowing golden altar of the Shining One.
  8825 | D:8      | Found an opulent altar of Gozag.
  8967 | D:9      | Found a blossoming altar of Fedhas.
  9679 | D:9      | Gained mutation: You have acidic saliva. [Jiyva's grace]
 10003 | D:9      | Lost mutation: Your mind is acute. (Int +2) [Jiyva's grace]
 10182 | D:9      | Slain by an unseen horror

Illustrated notes

Levels and vault maps discovered:
D:1:      dpeg_arrival_subterranean_lakeside_camping, layout_basic,
          minmay_misc_feat_pillars
D:2:      layout_basic, lemuel_crystal_altar, interstate_on_off
D:3:      layout_basic, chequers_ecumenical_altar_twisty
D:4:      layout_rooms, kennysheep_slug_shrine, kennysheep_mini, serial_shops,
          shop, serial_bayou_crossing
D:5:      layout_loops_ring, minmay_temple_entry_glassed_door, minivault_25,
          minmay_misc_feat_four_crosses, uniq_eustachio, uniq_grinder, uniq_ijyb
D:6:      layout_basic, marbit_many_paths, basic_altar, lexackson_kobold_supper,
          uniq_crazy_yiuf_cottage, uniq_sigmund, uniq_maggie, uniq_pikel,
          uniq_menkaure
D:7:      layout_basic, kennysheep_generic_room_16, uniq_joseph
D:8:      layout_basic, nicolae_overflow_crystal_walls, tso_oasis_becter,
          grunt_gozag_breadcrumbs, uniq_prince_ribbit1
D:9:      layout_irregular_city, overflow_temple_1_default, basic_altar

Skill      XL: |  1  2  3  4  5  6  7  8  9 |
---------------+----------------------------+-----
Short Blades   | 1 2 3 4 5 6 8 10 | 10.6
Dodging        | 1 2 3 5 6 |  6.8
Fighting       | 6 7 8 9 |  9.9
Maces & Flails | |  2.0
Bows           | |  1.0
Stealth        | |  1.7

Action                   |  1- 3 |  4- 6 |  7- 9 | 10-12 || total
-------------------------+-------+-------+-------+-------++-------
Melee: Dagger            |   144 |   155 |   426 |   183 ||   908
       Tailslap          |    15 |    18 |    93 |    46 ||   172
       Kick              |       |       |   146 |       ||   146
       Headbutt          |       |       |    47 |    38 ||    85
       Mace              |       |       |    42 |       ||    42
       Bite              |       |       |       |    10 ||    10
Throw: Dart              |       |    12 |       |       ||    12
Invok: Slimify           |       |       |     2 |     3 ||     5
 Abil: Breathe Dispellin |       |       |     2 |     1 ||     3
       Fly               |       |       |     1 |       ||     1
  Use: Scroll            |       |       |    12 |       ||    12
 Stab: Sleeping          |     5 |     3 |     8 |     2 ||    18
       Distracted        |       |       |     2 |     1 ||     3
Armor: Skin              |    45 |    24 |    54 |    31 ||   154
Dodge: Dodged            |    87 |    73 |   193 |   126 ||   479
Block: Other             |       |       |    60 |    35 ||    95
       Reflection        |       |       |     2 |     1 ||     3

Table legend: (Time is in decaauts)
 A = Elapsed time spent in this place.
 B = Non-inter-level travel time spent in this place.
 C = Inter-level travel time spent in this place.
 D = Time resting spent in this place.
 E = Time spent auto-exploring this place.
 F = Levels seen in this place.
 G = Mean time per level.
                   A        B        C        D        E       F      G
               +--------+--------+--------+--------+--------+-----+--------+
         Total |   9913 |   9599 |    314 |   2334 |   5702 |   9 | 1101.4 |
       Dungeon |   9913 |   9599 |    314 |   2334 |   5702 |   9 | 1101.4 |
               +--------+--------+--------+--------+--------+-----+--------+

Top non-repeatable levels by time:
     D:8: 1746 daAuts
     D:5: 1340 daAuts
     D:6: 1329 daAuts
     D:3: 1215 daAuts
     D:7: 1136 daAuts
     D:1: 1057 daAuts
     D:2: 971 daAuts
     D:9: 577 daAuts
     D:4: 539 daAuts
